Map: Newkirk Precinct TE (Void)

Players

ODIN

  • Race: Terran Terran
  • League: Diamond
  • Spawn Location: 5:00

DoomNexus - Winner!

  • Race: Terran Terran
  • League: Gold
  • Spawn Location: 7:00

VOD

Have the link to the VOD?

Description

TvT base trade

Time

  • Played on: March 25, 2017, 1:57 p.m.
  • Length: 15:11
Show
View Real Time Build Order
Export as new Build Order

ODIN Terran 

Build Orders: 1/1/1, Cyclone Opening 

Get SALT Encoding   

  12  0:02  SCV  
  13  0:18  Supply Depot  
  13  0:20  Refinery  
  13  0:24  SCV  
  14  0:36  SCV  
  15  0:44  Barracks  
  15  0:51  SCV  
  16  1:04  SCV  
  17  1:16  SCV  
  18  1:28  SCV  
  19  1:35  Factory  
  19  1:40  Supply Depot  
  19  1:48  Barracks Reactor  
  19  1:57  Refinery  
  19  1:59  Orbital Command  
  19  2:21  Starport  
  19  2:26  SCV  
  20  2:31  Marine  
  20  2:32  Marine  
  22  2:38  SCV  
  22  2:43  Cyclone  
  26  2:50  SCV  
  27  2:56  Marine x2  
  29  3:03  SCV  
  29  3:05  Engineering Bay  
  30  3:14  Marine  
  30  3:18  Supply Depot  
  31  3:33  Medivac, Cyclone, SCV  
  37  3:45  SCV  
  38  3:51  Command Center  
  38  4:24  Factory  
  38  4:30  Barracks  
  38  4:34  Starport Reactor  
  38  4:38  Factory Tech Lab  
  38  4:50  Barracks  
  38  5:07  Orbital Command  
  38  5:09  SCV  
  30  5:21  SCV  
  26  6:35  Orbital Command  
  26  7:40  Command Center  
  26  7:48  Factory Tech Lab  
  26  7:57  Starport Reactor, Barracks Reactor  
  26  8:03  Refinery  
  26  8:06  Refinery  
  29  8:22  Barracks Tech Lab  
  25  8:41  Marine x3  
  21  8:58  Marine  
  21  8:59  Marine x2  
  12  9:13  Viking  
  12  9:16  Cyclone  
  12  9:17  Marine  
  15  9:27  Supply Depot  
  15  9:28  Supply Depot  
  15  9:34  Marine  
  14  9:52  Marine  
  12  10:10  Orbital Command  
  7  10:46  SCV  
  8  11:19  Barracks x2  
  7  12:11  Barracks Reactor  
  7  12:17  Factory  
  7  12:18  Factory  
  7  12:21  Barracks Reactor  
  5  12:38  Barracks Tech Lab  
  5  12:40  SCV  
  6  12:45  Factory  
  6  12:53  SCV  
  6  12:57  Marine  
  9  13:11  Orbital Command  
  8  13:15  Marine  
  8  13:32  Marine  
  7  13:47  Factory  
  7  13:50  Marine  
  8  14:07  Orbital Command  
  8  14:08  Marine  
  9  14:32  SCV  
  9  14:34  Factory Tech Lab  
  9  14:38  Refinery  
  10  14:44  SCV  
  11  14:56  SCV  
Show
View Real Time Build Order
Export as new Build Order

DoomNexus Terran - Winner!

Build Orders:  

Get SALT Encoding   

  12  0:01  SCV  
  13  0:13  SCV  
  14  0:18  Supply Depot  
  14  0:25  SCV  
  15  0:36  Refinery  
  15  0:40  SCV  
  16  0:45  Barracks  
  16  0:52  SCV  
  17  1:04  SCV  
  18  1:14  Supply Depot  
  18  1:16  SCV  
  19  1:28  Refinery  
  19  1:32  SCV  
  20  1:34  Barracks Reactor  
  20  1:46  Orbital Command  
  20  1:55  Factory  
  20  2:10  Marine x2  
  22  2:15  SCV  
  23  2:28  Marine x2, SCV  
  26  2:39  Starport  
  26  2:42  Factory Tech Lab  
  26  2:45  SCV  
  26  2:49  Marine  
  26  2:50  Marine  
  29  2:57  SCV  
  30  3:08  Supply Depot  
  30  3:09  SCV  
  31  3:29  SCV, Siege Tank  
  31  3:31  Marine  
  31  3:32  Supply Depot  
  31  3:33  Medivac  
  38  3:53  Medivac  
  40  3:55  Supply Depot  
  40  3:56  Barracks Reactor  
  40  4:01  Siege Tank  
  43  4:05  Command Center  
  42  4:24  Engineering Bay  
  42  4:35  Barracks  
  42  4:44  Marine  
  43  4:50  Marine  
  47  4:53  Supply Depot  
  47  4:56  Siege Tank  
  50  5:02  Marine  
  48  5:15  Supply Depot  
  48  5:18  Marine  
  48  5:24  Marine  
  45  5:39  Widow Mine  
  33  6:14  Orbital Command  
  33  7:12  Barracks  
  33  7:21  Bunker  
  33  7:22  Marine  
  34  7:50  Supply Depot  
  34  7:51  Bunker  
  34  7:52  Supply Depot x2  
  34  8:14  Marine  
  35  8:20  Marine  
  35  8:25  Bunker  
  36  8:38  Marine  
  33  8:56  Marine  
  33  8:59  Barracks  
  31  9:14  Marine  
  32  9:19  SCV  
  33  9:31  Marine, SCV  
  35  9:39  Command Center  
  35  9:59  Barracks Reactor  
  31  10:03  Barracks Tech Lab  
  28  10:18  SCV  
  29  10:28  Marauder  
  31  10:29  Stimpack  
  31  10:44  Marine x2  
  31  10:46  SCV  
  31  10:49  Marauder  
  36  10:53  SCV  
  37  10:59  SCV  
  37  11:02  Marine x2  
  40  11:05  SCV  
  40  11:10  Marine  
  41  11:17  SCV  
  42  11:20  Marine x2  
  42  11:21  Factory  
  44  11:28  Marauder  
  44  11:31  SCV  
  47  11:35  Engineering Bay  
  47  11:37  Marine  
  47  11:38  Marine  
  49  11:43  SCV  
  50  11:50  Marauder  
  52  11:55  Marine, SCV  
  54  12:18  Supply Depot  
  54  12:23  Supply Depot  
  54  12:24  Factory Tech Lab  
  54  12:39  Marine x3, SCV  
  58  12:57  Marine x3  
  61  13:15  Marine x3  
  64  13:33  Marine x3  
  67  13:50  Marine x2  
  69  14:10  Marine  
  70  14:20  Supply Depot  
  70  14:25  Marine, Supply Depot  
  70  14:32  Command Center  
  70  14:41  Marine x2  
  70  14:44  Marauder, Supply Depot  
Tags
 
Add a new tag
Caveats
  • Supply blocks, unpowered buildings, or Contaminate may cause inaccurate times.
  • Supply counts are checked every 10 seconds.